[Event "Late-Titled-Tuesday-Blitz-March-19-2024"]
[Site "Chess.com"]
[Date "2024.03.19"]
[Round "7"]
[White "TheKnightOfBosnia"]
[Black "Yan_Dyomin2010"]
[Result "1/2-1/2"]
[WhiteElo "2634"]
[BlackElo "2738"]
[TimeControl "180+1"]
[EndTime "15:18:04 PDT"]
[Termination "Game drawn by repetition"]

1. e4 c5 2. Nf3 Nc6 3. d4 cxd4 4. Nxd4 g6 5. c4 Nf6 6. Nc3 Nxd4 7. Qxd4 d6 8. f3 Bg7 9. Be3 O-O 10. Qd2 a5 11. Rc1 a4 12. Nb5 Bd7 13. Be2 Bc6 14. Nd4 Nd7 15. O-O Nc5 16. Rfd1 Qa5 17. Qxa5 Rxa5 18. Nxc6 bxc6 19. Bxc5 Rxc5 20. b4 axb3 21. axb3 Ra5 22. b4 Ra2 23. Bf1 Bh6 24. Ra1 Rb2 25. b5 cxb5 26.
cxb5 Rc8 27. Rdb1 Be3+ 28. Kh1 Rcc2 29. Rxb2 Rxb2 30. Bd3 Kg7 31. Rb1 Rd2 32. Bc4 e6 33.
h3 Bb6 34. Kh2 h5 35. h4 Rd4 36. Bf1 d5 37. exd5 exd5 38. Kh3 Rd2 39. Rb3 Rd1 40. Be2 Re1 41. Bd3 Bf2 42. Kh2 f5 43. g3 Bg1+ 44.
Kg2 Bb6 45. Rc3 Rg1+ 46. Kh2 Rd1 47. Kg2 Rd2+ 48. Kh3 Bd4 49. Rb3 Kf6 50. Bf1 Rd1 51.
Bg2 Rc1 52. b6 Rc8 53. b7 Rb8 54. f4 Ke6 55. Rb5 Bf2 56. Bxd5+ Kd6 57. Bf3 Kc7 58. Kg2 Bd4 59. Rd5 Bb6 60. Rb5 Rd8 61. Rb3 Ba7 62.
Rc3+ Kb8 63. Rc8+ Rxc8 64. bxc8=Q+ Kxc8 65. Bd5 Kd7 66. Bf7 Ke7 67. Bxg6 Kf6 68. Bxh5 Bd4 69. Kf3 Bc3 70. Be8 Be1 71. Bb5 Bc3 72. Bd3 Be1 73. Kg2 Ke6 74. Kf3 Kf6 75. Bc2 Ke6 76.
h5 Kf6 77. h6 Kg6 78. h7 Kxh7 79. Bxf5+ Kg7 80. Bc2 Kf6 81. g4 Bd2 82. g5+ Kg7 83. Kg4 Bc3 84. f5 Bb2 85. Kf4 Bc1+ 86. Kg4 Bb2 87.
Bb3 Bc3 88. Bd5 Bb2 89. Kf3 Bc1 90. Kg4 Bb2 91. Bb3 Bc3 92. Bc2 Bb2 1/2-1/2

[Event "Late-Titled-Tuesday-Blitz-March-19-2024"]
[Site "Chess.com"]
[Date "2024.03.19"]
[Round "7"]
[White "karinachess1"]
[Black "Heydarli77"]
[Result "0-1"]
[WhiteElo "2624"]
[BlackElo "2399"]
[TimeControl "180+1"]
[EndTime "15:18:04 PDT"]
[Termination "Heydarli77 won by resignation"]

1. d4 d5 2. c4 dxc4 3. e3 e6 4. Nf3 Nf6 5. Bxc4 a6 6. a3 c5 7.
O-O cxd4 8. Nxd4 Be7 9. Qe2 O-O 10. b3 b5 11. Bd3 Bb7 12. Bb2 Nbd7 13. Nd2 Nc5 14.
Bc2 Rc8 15. N2f3 Qc7 16. Rac1 Qb8 17. Rfd1 Rfd8 18. h3 Nd5 19. b4 Na4 20. Bxa4 bxa4 21. Rc2 Rxc2 22. Qxc2 Rc8 23. Qxa4 Nb6 24. Qb3 Bd5 25.
Qd3 Nc4 26. Bc1 Qb7 27. Qe2 h6 28. Ne1 a5 29. bxa5 Nxa5 30. Qb5 Qa8 31. Bd2 Nc4 32.
Bb4 Nxa3 33. Bxa3 Qxa3 34. Nec2 Qc3 35. Rd3 Qc7 36. Qb2 Bf6 37. Rd2 Be4 38. f3 Bg6 39.
Nb4 Qb6 40. Nd3 Qa7 41. Kh2 Rd8 42. Nf2 Rb8 43. Qc3 Rd8 44. f4 e5 45. Nc6 Qc7 46.
Rxd8+ Bxd8 47. fxe5 Bg5 48. Qc5 Kh7 49. Qd6 Qb6 50.
Ng4 Bxe3 51. Nxe3 Qxe3 52. Qd4 Qc1 53. Nb4 Qc7 54. Nd3 Qe7 55. Nf4 Bf5 56. Nd5 Qe6 57. Nf4 Qc6 58. Kg3 g5 59. Nd5 Bg6 60. Nf6+ Kg7 61.
Kh2 Qe6 62. Qd8 Qxe5+ 63. Kg1 Qxf6 64. Qb8 Qc3 65. Qa8 Qd4+ 66. Kh2 Be4 67. Qe8 Qd6+ 68. Kg1 Qe6 69. Qa4 Bd5 70. Qd4+ Kg8 71. Qa7 Qe1+ 72. Kh2 Qe5+ 73. Kg1 Qe4 74. Qb8+ Kh7 75. Qb2 Qxg2+ 76. Qxg2 Bxg2 77. h4 gxh4 78. Kh2 Kg6 79. Kg1 Kg5 80. Kh2 Kf4 81. Kg1 Bf3 82. Kh2 Kg4 83. Kg1 Kg3 84. Kf1 h3 0-1

[Event "Late-Titled-Tuesday-Blitz-March-19-2024"]
[Site "Chess.com"]
[Date "2024.03.19"]
[Round "7"]
[White "Englishman_18"]
[Black "thesupera12"]
[Result "0-1"]
[WhiteElo "2281"]
[BlackElo "2439"]
[TimeControl "180+1"]
[EndTime "15:18:06 PDT"]
[Termination "thesupera12 won on time"]

1. Nf3 d5 2. d4 Bg4 3. Ne5 Bf5 4. c4 e6 5. cxd5 exd5 6. Nc3 c6 7. Bf4 Nf6 8. e3 Bd6 9. Bg5 h6 10. Bh4 O-O 11. Be2 Nbd7 12. Nxd7 Bxd7 13. Bd3 Be7 14.
O-O Ng4 15. Bxe7 Qxe7 16. h3 Nf6 17. Rb1 Ne4 18. Nxe4 dxe4 19. Be2 Qg5 20. Kh2 Rfd8 21. b4 Kh8 22. b5 cxb5 23. d5 a6 24. Qd4 Be8 25. Qxe4 Qxd5 26. Qxd5 Rxd5 27. Bf3 Rd7 28. a4 bxa4 29. Bxb7 Ra7 30. Bc6 Rd8 31. Bxe8 Rxe8 32. Rb4 Re5 33. Rxa4 Rb5 34. g4 Kh7 35. Rd1 a5 36.
Rdd4 Rc7 37. Rf4 f6 38. Kg3 Kg6 39. h4 h5 40. Rfd4 hxg4 41. Rxg4+ Kh6 42. Rgd4 Rc1 43.
Rd2 Rg1+ 44. Kh2 Rc1 45. Rda2 Rb4 46. Rxa5 Rxh4+ 47. Kg2 Rhh1 48. Kf3 Rcg1 49. Ra6 Rh3+ 50. Ke2 Rg2 51. R6a4 Rhh2 52. Kf3 Rg5 53. Rg4 Rf5+ 54.
Kg3 Rh1 55. Kg2 Rb1 56. Ra8 Kh7 57. Rh4+ Kg6 58. Rg4+ Rg5 59. Rxg5+ Kxg5 60. Ra5+ Kg6 61. Kf3 Rb4 62. Rc5 Ra4 63. Rb5 Rc4 64. Ra5 Kh6 65.
Rb5 g6 66. Ra5 f5 67. Rb5 Kg5 68. Kg3 Ra4 69. Rc5 Rb4 70. Rc6 Rb3 71. Rc5 Kh5 72. Rd5 Rc3 73. Ra5 Rc4 74. Rb5 Rg4+ 75. Kf3 Ra4 76.
Kg3 Kg5 77. Kf3 Kh4 78. Rc5 Rb4 79. Ra5 Kg5 80. Rd5 Rh4 81. Kg3 Rg4+ 82. Kf3 Rg1 83. Ra5 Rc1 84. Rd5 Rc4 85. Ra5 Rc6 86. Rd5 Kf6 87.
Ra5 g5 88. e4 Rc3+ 0-1

[Event "Late-Titled-Tuesday-Blitz-March-19-2024"]
[Site "Chess.com"]
[Date "2024.03.19"]
[Round "7"]
[White "GoltsevDmitry2000"]
[Black "moro182"]
[Result "1-0"]
[WhiteElo "2774"]
[BlackElo "2904"]
[TimeControl "180+1"]
[EndTime "15:18:26 PDT"]
[Termination "GoltsevDmitry2000 won on time"]

1. e4 g6 2. h4 Bg7 3. h5 d5 4. exd5 Qxd5 5. Nc3 Qe5+ 6. Qe2 Nc6 7. Nf3 Qxe2+ 8. Bxe2 Bg4 9. hxg6 hxg6 10. Rxh8 Bxh8 11.
d3 O-O-O 12. Be3 Bg7 13. O-O-O Nh6 14. Rh1 Nf5 15. Bd2 Rh8 16. Rxh8+ Bxh8 17. Ng5 Bxe2 18. Nxe2 Nd8 19. Bc3 Bxc3 20. Nxc3 Kd7 21. Kd2 b6 22. g4 Nd4 23. Nce4 f6 24. c3 N4c6 25. Nf3 Nf7 26. d4 g5 27. Ne1 Ncd8 28. f3 Ne6 29. Nd3 c6 30. Ke3 Nd6 31. b3 Nb5 32. a4 Nbc7 33. c4 a5 34. Nc3 c5 35. dxc5 bxc5 36. Nd5 Kd6 37. Nb6 Na6 38. Nc8+ Kd7 39. Nb6+ Kc7 40. Nd5+ Kd6 41. Nf2 Nac7 42. Ne4+ Kd7 43. Ndc3 Kc6 44. Ne2 Ne8 45. N4c3 N8c7 46. Ng3 Nd4 47. Nf5 Nxf5+ 48. gxf5 Ne8 49. Nd5 Kd7 50.
Nb6+ Kc7 51. Nd5+ Kd8 52. f4 g4 53. Kf2 Nd6 54. Ne3 Ne4+ 55. Kg2 g3 56. Nf1 Kd7 57.
Kf3 Nd6 58. Nxg3 Kc6 59. Kg4 Kd7 60. Kh5 Ke8 61. Kg6 Kf8 62. Ne2 Ne4 63. Nc1 Nd2 64.
Kh5 Kf7 65. Kg4 Ke8 66. Kg3 Ne4+ 67. Kf3 Nd6 68. Nd3 Nb7 69. Ke4 Kd7 70. Kd5 Kc7 71. Nxc5 Nd6 72. Ne6+ Kd7 73. Nd4 Ne8 74. c5 Nc7+ 75. Kc4 Na6 76. Kb5 Nb4 77. Kxa5 Nd3 78. Kb6 Nxf4 79. c6+ Kc8 80. Nb5 Nd5+ 81. Kc5 Ne3 82.
a5 Nxf5 83. a6 Kb8 84. a7+ Ka8 85. c7 Nd6 86. Nxd6 exd6+ 87. Kxd6 1-0

[Event "Late-Titled-Tuesday-Blitz-March-19-2024"]
[Site "Chess.com"]
[Date "2024.03.19"]
[Round "7"]
[White "ritanovikova"]
[Black "emeli_chess"]
[Result "0-1"]
[WhiteElo "2205"]
[BlackElo "2405"]
[TimeControl "180+1"]
[EndTime "15:18:34 PDT"]
[Termination "emeli_chess won on time"]

1. e4 c5 2. Nc3 Nc6 3. d3 g6 4.
Be3 d6 5. Qd2 Bg7 6. g3 h5 7. h4 e6 8. Bg2 Nge7 9. Nge2 Rb8 10.
d4 cxd4 11. Nxd4 O-O 12. Nxc6 Nxc6 13. Bh6 b5 14. Bxg7 Kxg7 15. O-O b4 16. Ne2 Ba6 17. Nd4 Nxd4 18. Qxd4+ e5 19. Qxa7 Bxf1 20. Bxf1 Qb6 21. Qe7 Rfc8 22. Bd3 Qd8 23. Qa7 Rc7 24. Qe3 d5 25.
exd5 Qxd5 26. Re1 Re8 27. b3 Rce7 28. Bc4 Qd4 29. Qf3 e4 30. Qf4 Qf6 31. Qe3 Qc3 32. Qxc3+ bxc3 33. Re3 f5 34. Rxc3 e3 35. fxe3 Rxe3 36.
Rxe3 Rxe3 37. Kf2 Rc3 38. Bd3 Kf6 39. Ke2 Ke5 40. Kd2 Kd4 41. a4 Rc8 42. a5 Rb8 43. a6 Kc5 44. c3 Rg8 45. b4+ Kb6 46. b5 g5 47. c4 f4 48. gxf4 gxh4 49. Be4 h3 50. Kc3 Re8 51. Bf3 Re3+ 52. Kb4 Rxf3 53. c5+ Ka7 54. Ka5 Rxf4 55. b6+ Ka8 56. c6 Rf5+ 57. Kb4 h2 58. c7 Rf8 59. b7+ Ka7 60. c8=Q Rxc8 61. bxc8=Q h1=Q 62. Qc7+ Kxa6 63. Qc4+ Kb6 64.
Qd4+ Kc6 65. Qc5+ Kd7 66. Qd4+ Ke6 67. Qe3+ Kf5 68. Qf2+ Kg4 69. Qd4+ Kg3 70. Qe3+ Qf3 71. Qg1+ Kf4 72. Qh2+ Kg5 73. Qe5+ Qf5 74. Qg7+ Kh4 75. Qe7+ Qg5 76. Qe1+ Qg3 77. Qe7+ Kh3 78. Qe6+ Qg4+ 79. Qc4 Qxc4+ 80. Kxc4 Kg2 81. Kd3 h4 82. Ke2 h3 0-1

[Event "Late-Titled-Tuesday-Blitz-March-19-2024"]
[Site "Chess.com"]
[Date "2024.03.19"]
[Round "7"]
[White "LikeWater"]
[Black "mind1mover"]
[Result "1/2-1/2"]
[WhiteElo "2661"]
[BlackElo "2806"]
[TimeControl "180+1"]
[EndTime "15:19:18 PDT"]
[Termination "Game drawn by repetition"]

1. Nf3 d5 2. g3 Nc6 3. Bg2 e5 4. d3 Nf6 5. O-O Be7 6. Nc3 d4 7.
Ne4 Nxe4 8. dxe4 O-O 9. e3 Bg4 10. h3 Bh5 11. Qd2 Bc5 12. exd4 Bxd4 13. c3 Bb6 14.
Qc2 a5 15. Bg5 f6 16. Rad1 Qe7 17. Bc1 Rfd8 18. g4 Bf7 19. b3 Rxd1 20. Rxd1 Rd8 21. Nh4 Rxd1+ 22. Qxd1 Qd8 23. Qc2 Ne7 24. Ba3 Qd7 25.
Nf3 Ng6 26. Bc1 Nf4 27. Bxf4 exf4 28. e5 Qe6 29. Qe4 g5 30. Qxb7 Bg6 31. c4 h6 32. c5 Bxc5 33. Qxc7 Bb6 34. Qb8+ Kg7 35. exf6+ Qxf6 36. Ne5 Bd4 37. Qc7+ Bf7 38. Nd7 Qe7 39.
Kf1 Be8 40. Bc6 f3 41. Bb5 Bf7 42. Qc2 Bg6 43. Qd2 Qb4 44. Qxb4 axb4 45. Nb8 Kf6 46. Na6 Bc3 47. Nc5 Ke5 48. Bd3 Be8 49. Na6 Kd4 50. Bc4 Ke5 51. Nc7 Bc6 52. Bb5 Bb7 53. Ne8 Bc8 54.
Ng7 Kd6 55. Nh5 Kc5 56. Bc4 Kd4 57. Ng3 Ke5 58. Bb5 Be6 59. Bc6 Kf4 60. Nh5+ Ke5 61. Bxf3 Kd4 62. Ke2 Bb2 63. Kd2 Bc3+ 64. Ke2 Ba1 65.
Kd2 Bc3+ 66. Kd1 Kc5 67. Ng3 Be5 68. Ne4+ Kd4 69. Kc2 Bd5 70. Nd2 Be6 71. Be4 Bf4 72. Bd3 Bd5 73. Bf1 Bc6 74. Kd1 Kc3 75. Nc4 Bf3+ 76. Be2 Bg2 77. Ne3 Bxe3 78. fxe3 Bxh3 79. Kc1 Bg2 80. Bd1 Kd3 81. Kb2 Kxe3 82. a3 bxa3+ 83.
Kxa3 Kd4 84. b4 Bc6 85. Ba4 Bb7 86. b5 Kc5 87. Bc2 Bc8 88. Bf5 Bb7 89. Bd3 Bd5 90.
Be2 Be6 91. Kb2 Bd7 92. Kc3 Bxb5 93. Bxb5 Kxb5 94. Kd4 Kc6 95. Ke5 Kc5 96. Kf6 Kd4 97. Kg6 Ke5 98. Kxh6 Kf6 99. Kh5 Kf7 100. Kh6 Kf6 101. Kh7 Kf7 102. Kh6 Kf6 1/2-1/2

[Event "Late-Titled-Tuesday-Blitz-March-19-2024"]
[Site "Chess.com"]
[Date "2024.03.19"]
[Round "7"]
[White "Orest_Vovk"]
[Black "Alexei_Gubajdullin"]
[Result "1-0"]
[WhiteElo "2517"]
[BlackElo "2641"]
[TimeControl "180+1"]
[EndTime "15:19:29 PDT"]
[Termination "Orest_Vovk won on time"]

1. h4 e5 2. h5 h6 3. Nc3 d5 4. e4 dxe4 5. Nxe4 f5 6. Nc3 Nf6 7. Nf3 Nc6 8. Bb5 e4 9. Bxc6+ bxc6 10. Ne5 Qd4 11. Ng6 Bc5 12. Qe2 Ng4 13. Nxh8 Ba6 14. d3 Qxf2+ 15. Qxf2 Bxf2+ 16. Ke2 O-O-O 17. Nf7 exd3+ 18. cxd3 Rxd3 19. Nd1 Rh3+ 20. Kd2 Rxh1 21. Nxf2 Nxf2 22.
b3 Ne4+ 23. Ke3 Rg1 24. Bb2 Rxg2 25. Be5 Re2+ 26. Kf4 Rf2+ 27. Ke3 Rc2 28. Rd1 Kb7 29. Nd8+ Kb6 30. Ne6 c5 31. Bxc7+ Kc6 32. Bb8 Rc3+ 33. Kf4 Nf6 34. Nd8+ Kb5 35. Kxf5 Bc8+ 36. Kg6 Rc2 37. Kxg7 Nxh5+ 38. Kxh6 Bg4 39. a4+ Kb4 40. Rb1 Ka3 41.
Nc6 Ka2 42. Rg1 Be2 43. Bxa7 Kxb3 44. a5 Ka4 45. a6 Kb5 46. Nb8 Ra2 47. Rg6 Nf4 48.
Rb6+ Kc4 49. Nc6 Nd5 50. Rb8 Kc3 51. Rc8 Rxa6 52. Bxc5 Kd3 53. Kg5 Ke4 54. Ne7 Nxe7 55. Bxe7 Ra5+ 56. Kf6 Rf5+ 57. Ke6 Re5+ 58. Kd6 Rd5+ 59.
Kc7 Bb5 60. Bd6 Rd4 61. Rb8 Rc4+ 62. Kd8 Rd4 63. Ke7 Bc4 64. Rb4 Bd3 65. Rb2 Rc4 66. Rh2 Rc2 67. Rh4+ Kd5 68. Rh5+ Kc6 69. Rh6 Re2+ 70.
Kf8 Kd7 71. Ba3 Bc4 72. Rd6+ Kc7 73. Rd1 Rf2+ 74. Kg7 Rg2+ 75. Kf6 Rg3 76. Bb4 Rf3+ 77. Ke5 Bb5 78. Be1 Re3+ 79. Kf4 Re2 80. Rc1+ Kb7 81. Bg3 Bc6 82. Kg4 Re4+ 83. Kf5 Re3 84. Be5 Rf3+ 85. Bf4 Rd3 86. Rb1+ Kc8 87. Rb2 Kd7 88. Ke5 Rd5+ 89. Kf6 Rd4 90. Be5 Rd3 91. Ra2 Rf3+ 92. Kg5 Ke6 93. Bf4 Rf1 94. Ra6 Kd5 95. Ra5+ Ke4 96. Re5+ Kd4 97. Re7 Be4 98. Rd7+ Kc4 99. Rc7+ Kd3 100.
Rd7+ Kc4 101. Be3 Kb5 102. Rd4 Bc6 103. Rf4 Ka6 104. Rxf1 Kb7 105. Rf4 Kc7 106. Kf6 Kd7 107. Ke5 Bb5 108. Rf2 Kc6 109. Rd2 Bc4 110. Rd4 Kb5 111. Bf4 Be2 112. Be3 Bf3 113. Kd6 Ka5 114. Rf4 Be2 115. Kc5 Ka6 116. Rf8 Kb7 117. Bf4 Ka7 118. Rf7+ Ka6 119. Re7 Bf3 120. Bd2 1-0

[Event "Late-Titled-Tuesday-Blitz-March-19-2024"]
[Site "Chess.com"]
[Date "2024.03.19"]
[Round "7"]
[White "GMKrikor"]
[Black "AlexTruskavetsky"]
[Result "1-0"]
[WhiteElo "2825"]
[BlackElo "2656"]
[TimeControl "180+1"]
[EndTime "15:19:56 PDT"]
[Termination "GMKrikor won by resignation"]

1. Nf3 Nf6 2. c4 e6 3. Nc3 d5 4.
d4 Be7 5. cxd5 exd5 6. Bf4 O-O 7. e3 c6 8. h3 Bd6 9. Bxd6 Qxd6 10. Bd3 Nbd7 11.
O-O Re8 12. Qc2 b5 13. Rac1 Bb7 14. Ne2 a5 15. Nf4 Ne4 16. Be2 f5 17. Nd3 a4 18.
Nfe5 Rac8 19. Nxd7 Qxd7 20. f3 Ng3 21. Ne5 Qe7 22.
Rfe1 c5 23. Qd2 c4 24. a3 Ba8 25. Bd1 Rb8 26. Bc2 Rf8 27. Qf2 Nh5 28. g4 fxg4 29.
hxg4 Nf6 30. Qh4 g6 31. Re2 b4 32. Rh2 Qg7 33. Bxa4 bxa3 34. bxa3 Rb6 35. Bc2 Rfb8 36. Rf1 Rb2 37. a4 Ra2 38. Rff2 Ra3 39. Qg5 Rf8 40.
Rh6 Ra1+ 41. Kg2 Ra2 42. Kg3 Ne4+ 43. Bxe4 Rxf2 44. Bxg6 R2xf3+ 45. Nxf3 c3 46. Rxh7 Qxh7 47. Bxh7+ Kxh7 48. Qe7+ Kg8 49. Ng5 Rf1 50. Qh7+ Kf8 51. Qd3 Rc1 52. Ne6+ Ke7 53. Nc7 c2 54. Qh7+ Kd8 55.
Ne6+ Ke8 56. Nc7+ Kd8 57. Ne6+ Ke8 58. Qg8+ Ke7 59. Qg7+ Kxe6 60. Qe5+ Kd7 61. Qg7+ Kc6 62. Qf6+ Kb7 63. Qe7+ Kb6 64. Qc5+ Kb7 65. Qb5+ Kc7 66.
Qc5+ Bc6 67. Kh2 Kd7 68. g5 Bxa4 69. Qxd5+ Ke7 70. Qe5+ Kf7 71. Qf6+ Kg8 72. Qg6+ Kf8 73. Qf6+ Kg8 74. Qd8+ Kg7 75. Qe7+ Kg8 76. g6 Rh1+ 77. Kxh1 c1=Q+ 78. Kh2 Qd2+ 79. Kg3 Qe1+ 80. Kf4 Qf2+ 81. Kg5 Qg3+ 82. Kh6 Qh3+ 83. Kg5 Qg3+ 84. Kf6 Qh4+ 85. Ke6 Bb3+ 86. Kd6 Qg3+ 87. Kc5 Qxg6 88. e4 Qg1 89. Qd8+ Kf7 90. Qc7+ Kg8 91. Qb8+ Kg7 92. Qxb3 Qc1+ 93. Qc4 Qa3+ 94. Qb4 Qa7+ 95. Kc4 Qa2+ 96. Qb3 Qe2+ 97. Qd3 Qa2+ 98. Kb4 Qb2+ 99. Ka4 Qa2+ 100. Kb5 Qb2+ 101. Kc5 Qc1+ 102. Qc4 Qa3+ 103. Kb5 Qb2+ 104. Kc6 Qg2 105. d5 Kf6 106. Qd4+ Kf7 107. d6 Qc2+ 108. Kd7 Qg2 109. Qd5+ Kf8 110. Qf5+ Kg7 111. Ke7 Qb2 112. Qg5+ Kh7 113. e5 Qb7+ 114. d7 Qb4+ 115. Ke6 Qc4+ 116. Kd6 Qd4+ 117. Ke7 Qc5+ 118. Ke6 Qc6+ 119. Ke7 Qc5+ 120. Ke8 Qc6 121. Qf5+ Kg8 122. Qf6 Qa8+ 123. d8=Q Kh7 124. Qh6+ Kxh6 125. Qxa8 Kh7 126. Qc6 Kg8 127. Qc5 Kh7 128. Qe7+ 1-0

[Event "Late-Titled-Tuesday-Blitz-March-19-2024"]
[Site "Chess.com"]
[Date "2024.03.19"]
[Round "8"]
[White "Szparu"]
[Black "LikeWater"]
[Result "1-0"]
[WhiteElo "2798"]
[BlackElo "2656"]
[TimeControl "180+1"]
[EndTime "15:22:17 PDT"]
[Termination "Szparu won by resignation"]

1. e4 Nf6 2. e5 Nd5 3. d4 d6 4.
c4 Nb6 5. f4 dxe5 6. fxe5 Nc6 7. Be3 Bf5 8. Nc3 e6 9. Be2 Be7 10. Nf3 O-O 11. O-O f6 12. exf6 Bxf6 13. Qd2 Qe7 14.
Rad1 Rad8 15. Qc1 Kh8 16. h3 h6 17. Kh1 Bh7 18. Rfe1 Rd7 19. Bf1 Rfd8 20. d5 Na5 21. dxe6 Qxe6 22. Bxh6 Rxd1 23. Nxd1 Qc6 24. Bg5 Naxc4 25.
Bxf6 gxf6 26. Re7 Ne5 27. Qh6 1-0

[Event "Late-Titled-Tuesday-Blitz-March-19-2024"]
[Site "Chess.com"]
[Date "2024.03.19"]
[Round "8"]
[White "Szachulec75"]
[Black "jcmesafischer"]
[Result "1-0"]
[WhiteElo "2185"]
[BlackElo "2350"]
[TimeControl "180+1"]
[EndTime "15:22:17 PDT"]
[Termination "Szachulec75 won by resignation"]

1. Nf3 d5 2. g3 Nf6 3. Bg2 e6 4. d3 Be7 5. O-O O-O 6. Nbd2 c5 7. e4 Nc6 8. e5 Nd7 9. Re1 Qc7 10. Qe2 b6 11. c3 Bb7 12. Nf1 b5 13. h4 d4 14.
Bf4 Rfd8 15. N1h2 Nb6 16. Ng4 dxc3 17. Nf6+ Kh8 18. Ng5 gxf6 19. exf6 Bd6 20. Qh5 1-0

[Event "Late-Titled-Tuesday-Blitz-March-19-2024"]
[Site "Chess.com"]
[Date "2024.03.19"]
[Round "8"]
[White "Balla_Tamas"]
[Black "RichardLeyvaP"]
[Result "0-1"]
[WhiteElo "2413"]
[BlackElo "2551"]
[TimeControl "180+1"]
[EndTime "15:23:11 PDT"]
[Termination "RichardLeyvaP won by resignation"]

1. e4 e5 2. Nf3 Nc6 3. d4 exd4 4.
Nxd4 Bc5 5. Nb3 Bb6 6. Nc3 Nf6 7. Qe2 O-O 8. Be3 Bxe3 9. Qxe3 a5 10. a4 Nb4 11.
O-O-O Re8 12. f3 d5 13. Qd2 c6 14. exd5 Nfxd5 15. Nxd5 Qxd5 16. Qc3 Na2+ 0-1

[Event "Late-Titled-Tuesday-Blitz-March-19-2024"]
[Site "Chess.com"]
[Date "2024.03.19"]
[Round "8"]
[White "Defenstrator"]
[Black "miraitrunks"]
[Result "0-1"]
[WhiteElo "2438"]
[BlackElo "2181"]
[TimeControl "180+1"]
[EndTime "15:23:16 PDT"]
[Termination "miraitrunks won by checkmate"]

1. g4 e5 2. Bg2 Nc6 3. Nc3 d6 4. e3 Be6 5. d4 d5 6. dxe5 Nxe5 7. h3 g6 8. Nxd5 Bxd5 9. Qxd5 Qe7 10. Qxb7 Rd8 11.
Qxa7 Qb4+ 12. c3 Nd3+ 13. Kf1 Qc4 14. Ne2 Nf4 15. Bf3 Rd1# 0-1

[Event "Late-Titled-Tuesday-Blitz-March-19-2024"]
[Site "Chess.com"]
[Date "2024.03.19"]
[Round "8"]
[White "angelgab3"]
[Black "Eloist"]
[Result "0-1"]
[WhiteElo "2631"]
[BlackElo "2507"]
[TimeControl "180+1"]
[EndTime "15:23:31 PDT"]
[Termination "Eloist won by resignation"]

1. e4 e6 2. d4 d5 3. Nc3 Nf6 4.
Bg5 dxe4 5. Nxe4 Be7 6. Bxf6 gxf6 7. Nf3 f5 8. Nc3 a6 9. g3 b5 10. Bg2 Bb7 11. O-O O-O 12. Ne5 Bxg2 13. Kxg2 c5 14. Qf3 cxd4 15. Qxa8 dxc3 16. bxc3 Qc7 17. Rae1 Bf6 18.
Nf3 Qb6 19. Nd4 Bxd4 20. cxd4 Nc6 0-1

[Event "Late-Titled-Tuesday-Blitz-March-19-2024"]
[Site "Chess.com"]
[Date "2024.03.19"]
[Round "8"]
[White "Sandstad"]
[Black "Heinza9"]
[Result "1-0"]
[WhiteElo "2506"]
[BlackElo "2333"]
[TimeControl "180+1"]
[EndTime "15:23:42 PDT"]
[Termination "Sandstad won by resignation"]

1. d4 e6 2. c4 f5 3. Nc3 Nf6 4. Nf3 Be7 5. g3 O-O 6. Bg2 d6 7. O-O Ne4 8. Nxe4 fxe4 9. Nd2 d5 10. f3 Nc6 11. fxe4 dxc4 12. Rxf8+ Bxf8 13. e3 b5 14. a4 Nxd4 15. exd4 Qxd4+ 16. Kh1 c6 17. Qe2 Bc5 18. Nf3 Qd3 19. Qxd3 cxd3 20. Ne5 d2 21. Bxd2 Bd4 22. Bc3 c5 23. axb5 Bb7 24. Nc6 Bxc6 25. bxc6 Rd8 26. e5 1-0

[Event "Late-Titled-Tuesday-Blitz-March-19-2024"]
[Site "Chess.com"]
[Date "2024.03.19"]
[Round "8"]
[White "yuriydovzik"]
[Black "Sacbutt"]
[Result "0-1"]
[WhiteElo "2117"]
[BlackElo "2313"]
[TimeControl "180+1"]
[EndTime "15:23:57 PDT"]
[Termination "Sacbutt won by resignation"]

1. e4 b6 2. d4 Bb7 3. Nc3 e6 4. a3 Nf6 5. e5 Ne4 6. Qf3 Nd6 7. Qh3 Nf5 8. Nge2 c5 9. d5 Nd4 10. Nxd4 cxd4 11. Ne4 Bxd5 12. Bg5 Qc7 13. Nd6+ Bxd6 14. exd6 Qxd6 15. Bd3 Qe5+ 0-1

[Event "Late-Titled-Tuesday-Blitz-March-19-2024"]
[Site "Chess.com"]
[Date "2024.03.19"]
[Round "8"]
[White "yosephtaher"]
[Black "Mikhail_Bryakin"]
[Result "0-1"]
[WhiteElo "2931"]
[BlackElo "2727"]
[TimeControl "180+1"]
[EndTime "15:24:07 PDT"]
[Termination "Mikhail_Bryakin won by resignation"]

1. d4 c6 2. e4 d5 3. e5 Bf5 4. h4 h5 5. Bd3 Bxd3 6. Qxd3 Qa5+ 7. Nd2 e6 8. Ne2 Qa6 9. c4 Nh6 10. b3 c5 11. O-O Nc6 12. Nf3 Nf5 13. Bb2 Be7 14.
Rfd1 dxc4 15. bxc4 cxd4 16. Nexd4 Ncxd4 17. Nxd4 Nxd4 18. Qxd4 O-O 19. Qe4 Rfd8 20. g3 Rac8 21. Rxd8+ Rxd8 22. Qf3 g6 23. Bc1 Qxc4 24. Bg5 Bxg5 25. hxg5 b5 26.
Qf6 Qc7 27. Rb1 a6 28. Qf4 Qc2 29. Rb3 Qxa2 30. Rf3 Rf8 31. g4 Qc4 0-1

[Event "Late-Titled-Tuesday-Blitz-March-19-2024"]
[Site "Chess.com"]
[Date "2024.03.19"]
[Round "8"]
[White "Misterfox120"]
[Black "RebelJohnny"]
[Result "1-0"]
[WhiteElo "2472"]
[BlackElo "2559"]
[TimeControl "180+1"]
[EndTime "15:24:08 PDT"]
[Termination "Misterfox120 won by resignation"]

1. d4 d5 2. Bf4 Nf6 3. e3 c5 4.
Nf3 Nc6 5. Nbd2 Qb6 6. dxc5 Qxb2 7. Rb1 Qc3 8. Bb5 g6 9. e4 dxe4 10. Be5 Qa5 11. O-O Bg7 12. Nxe4 O-O 13. Nxf6+ exf6 14. Bd6 Re8 15. Nd4 Bd7 16. Bxc6 Bxc6 17. Nxc6 bxc6 18.
Qf3 Rac8 19. a3 f5 20. Rb7 Bf8 21. g3 Red8 22. Qb3 1-0

[Event "Late-Titled-Tuesday-Blitz-March-19-2024"]
[Site "Chess.com"]
[Date "2024.03.19"]
[Round "8"]
[White "maurovargas01"]
[Black "esrosenberg"]
[Result "0-1"]
[WhiteElo "1846"]
[BlackElo "2479"]
[TimeControl "180+1"]
[EndTime "15:24:16 PDT"]
[Termination "esrosenberg won by checkmate"]

1. e4 e6 2. Nc3 d5 3. d3 d4 4.
Nce2 c5 5. g3 Nc6 6. Bg2 h5 7.
f4 h4 8. g4 e5 9. h3 Bd6 10. fxe5 Nxe5 11. Nf3 Nxf3+ 12. Bxf3 Ne7 13. O-O Ng6 14. Qe1 Qc7 15. Bg2 Be6 16. Nf4 Bxf4 17. Bxf4 Nxf4 18. Qd2 g5 19. Rf2 O-O-O 20. Bf1 Qe5 21.
Rc1 Kb8 22. c3 dxc3 23. bxc3 c4 24. d4 Qxe4 25. Qb2 Bd5 26. Rb1 Qh1# 0-1

[Event "Late-Titled-Tuesday-Blitz-March-19-2024"]
[Site "Chess.com"]
[Date "2024.03.19"]
[Round "8"]
[White "DFeco"]
[Black "Boundless_Strike"]
[Result "1-0"]
[WhiteElo "2481"]
[BlackElo "2622"]
[TimeControl "180+1"]
[EndTime "15:24:17 PDT"]
[Termination "DFeco won by resignation"]

1. d4 e5 2. dxe5 d6 3. exd6 Bxd6 4. Nf3 Nc6 5. c3 Bg4 6. h3 Bh5 7. e3 Qe7 8. Be2 O-O-O 9. Nd4 Bxe2 10. Qxe2 Ne5 11. Nf5 Qg5 12. Nxd6+ Rxd6 13. O-O Nd3 14.
b3 Nf6 15. Ba3 Rd7 16. Nd2 h5 17. Nf3 Qa5 18. Bb2 Ne4 19. c4 Rg8 20. Nd4 Nxb2 21. Qxb2 g5 22. Rad1 g4 23. hxg4 hxg4 24. Nb5 Rxd1 25.
Rxd1 a6 26. Qe5 Nxf2 27. Na7+ Kb8 28. Qxa5 1-0

[Event "Late-Titled-Tuesday-Blitz-March-19-2024"]
[Site "Chess.com"]
[Date "2024.03.19"]
[Round "8"]
[White "platy3"]
[Black "NikoTheodorou"]
[Result "1-0"]
[WhiteElo "2979"]
[BlackElo "3097"]
[TimeControl "180+1"]
[EndTime "15:24:38 PDT"]
[Termination "platy3 won by resignation"]

1. e4 e5 2. Nf3 Nc6 3. Bc4 Nf6 4. d3 h6 5. O-O d6 6. a4 g6 7. c3 Bg7 8. Re1 O-O 9. h3 a6 10. Nbd2 Ne7 11. d4 exd4 12. cxd4 d5 13. exd5 Nexd5 14.
a5 Re8 15. Ne5 Be6 16. Ndf3 Qd6 17. Qb3 Rab8 18. Bd2 b5 19. axb6 Rxb6 20. Qc2 Reb8 21. b3 c5 22. dxc5 Qxc5 23. Ra5 Nb4 24. Rxc5 Nxc2 25.
Bxe6 Nxe1 26. Bxf7+ Kf8 27. Bxe1 Rb5 28. Rc7 1-0

[Event "Late-Titled-Tuesday-Blitz-March-19-2024"]
[Site "Chess.com"]
[Date "2024.03.19"]
[Round "8"]
[White "ChessBrainiacOnTwitch"]
[Black "Stanbad1"]
[Result "1-0"]
[WhiteElo "2822"]
[BlackElo "2600"]
[TimeControl "180+1"]
[EndTime "15:24:47 PDT"]
[Termination "ChessBrainiacOnTwitch won by resignation"]

1. e4 e6 2. d4 d5 3. Nc3 Nf6 4. Bg5 Bb4 5. e5 h6 6. Bc1 Ne4 7. Qg4 g6 8. Ne2 h5 9. Qf3 c5 10. a3 cxd4 11. axb4 dxc3 12. Nxc3 Nxc3 13. bxc3 Nc6 14.
Bb5 Bd7 15. Qf4 Qc7 16. Bxc6 Qxc6 17. O-O Qc4 18. Qf6 Rg8 19. Bg5 Kf8 20. Qe7+ Kg7 21. Bf6+ Kh6 22. Qxd7 g5 23. Qxf7 Rg6 24. Qxe6 h4 25.
Rad1 Rd8 26. Qf5 Rdg8 27. Rd4 Qxc3 28. Bxg5+ Kg7 29. Qd7+ Kh8 30. Rxh4+ 1-0